 Dungeon Crawl Stone Soup version 0.28.0-43-g3370ac3207 (console) character file.

Game seed: 11442223682268847556

207 123 the Cutter (level 6, -1/70 HPs)
             Began as a Human Berserker on Mar 16, 2022.
             Was a Believer of Trog.
             Slain by an ogre
             ... wielding a +0 giant club
              (20 damage)
             ... on level 4 of the Dungeon on Mar 17, 2022.
             The game lasted 00:39:33 (3503 turns).

123 the Cutter (Human Berserker)                    Turns: 3503, Time: 00:39:33

Health: -1/70      AC: 13    Str: 19    XL:     6   Next: 10%
Magic:  6/6        EV:  6    Int: 13    God:    Trog [**....]
Gold:   130        SH:  0    Dex: 13    Spells: 5/5 levels left

rFire   . . .      SeeInvis .   a - +0 short sword
rCold   . . .      Faith    .   (no shield)
rNeg    . . .      Spirit   .   q - +1 plate armour
rPois   .          Reflect  .   (no helmet)
rElec   .          Harm     .   s - +0 cloak
rCorr   .          Rampage  .   (no gloves)
Will    .....                   (no boots)
Stlth   ..........              r - amulet of regeneration
HPRegen 1.01/turn               p - +6 ring of intelligence
MPRegen 0.10/turn               (no ring)

@: berserking, very quick
A: no striking features
a: Renounce Religion, Berserk, Trog's Hand


You were on level 4 of the Dungeon.
You worshipped Trog.
Trog was pleased with you.
You visited 1 branch of the dungeon, and saw 4 of its levels.

You collected 130 gold pieces.

Inventory:

Hand Weapons
 a - a +0 short sword (weapon)
 o - a +1 flail of protection
Missiles
 g - 15 sling bullets (quivered)
 i - 87 arrows
 l - 27 stones
 n - 26 bolts
Armour
 b - a +0 animal skin
 c - a +0 leather armour
 d - a +0 leather armour
 e - a +0 chain mail
 q - a +1 plate armour (worn)
 s - a +0 cloak (worn)
Jewellery
 p - a +6 ring of intelligence (left hand)
 r - an amulet of regeneration (around neck)
Scrolls
 f - 7 scrolls of identify
 k - 2 scrolls of magic mapping
 t - a scroll of enchant weapon {unknown}
Potions
 h - a potion of attraction {unknown}
 j - a potion of mutation
 m - a potion of cancellation
 u - a potion of might {unknown}
 v - a potion of brilliance {unknown}


   Skills:
 + Level 3.6 Fighting
 + Level 4.4 Short Blades
 + Level 0.1(2.6) Long Blades
 + Level 3.7 Armour
 - Level 2.8 Dodging
 - Level 0.1 Stealth


You had 5 spell levels left.
You didn't know any spells.
Your spell library was empty.

Dungeon Overview and Level Annotations

Branches:
Dungeon (4/15)
 Temple: D:4-7

Altars:
Kikubaaqudgha
Wu Jian


Message History

You miss the adder. The adder closely misses you.
You hit the adder. You punch the adder, but do no damage.
The adder is heavily wounded.
The adder bites you but does no damage. x2
You hit the adder.
The adder is almost dead.
The adder bites you.
You hit the adder.
You kill the adder!
Trog accepts your kill.
v - a fizzy silvery potion An ogre comes into view.
It is wielding a +0 giant club.
The ogre shouts!
An endoplasm comes into view.
You toss away a sling bullet.
The sling bullet hits the ogre but does no damage.
You hit the ogre.
The ogre is lightly wounded.
The ogre hits you with a +0 giant club!
You hit the ogre.
The ogre is lightly wounded.
The ogre hits you but does no damage.
You hit the ogre.
The ogre is moderately wounded.
You barely miss the ogre.
The ogre is moderately wounded.
The ogre hits you with a +0 giant club!
You hit the ogre.
The ogre is heavily wounded.
The ogre hits you with a +0 giant club!
You hit the ogre.
The ogre is heavily wounded.
You hit the ogre.
The ogre is almost dead.
The ogre hits you with a +0 giant club!
* * * LOW HITPOINT WARNING * * *
A red film seems to cover your vision as you go berserk!
You feel yourself moving faster!
You feel mighty!
The ogre hits you with a +0 giant club!!
You die...

#.#
###...##..######
#.######...#..#
#.............###
##########.#....#
#.##.#.# #.##.#.#
..##.#.####.#
#####........#
........######
#####....# ####@#
#O# #J# ... #.#..
#. .## ## ##


You could see an ogre and an endoplasm.

Vanquished Creatures
  A black bear (D:3)
  An iguana (D:3)
  4 adders
  3 worms
  An orc (D:2)
  7 ball pythons
  4 bats
  5 endoplasms
  2 giant cockroaches (D:2)
  2 goblins
  7 hobgoblins
  A quokka (D:1)
  2 frilled lizards
  6 kobolds
  7 rats
53 creatures vanquished.

Vanquished Creatures (others)
  3 fungi (D:2)
  9 plants (D:2)
12 creatures vanquished.

Grand Total: 65 creatures vanquished

Notes
Turn   | Place    | Note
-------+----------+-------------------------------------------
     0 | D:1      | 123 the Human Berserker began the quest for the Orb.
     0 | D:1      | Reached XP level 1. HP: 18/18 MP: 1/1
   608 | D:1      | Reached XP level 2. HP: 22/24 MP: 2/2
   959 | D:1      | Reached XP level 3. HP: 10/29 MP: 3/3
  1803 | D:2      | Reached XP level 4. HP: 35/35 MP: 4/4
  1990 | D:2      | Found a faded altar of an unknown god.
  2158 | D:2      | Found an ornate altar of the Wu Jian Council.
  2304 | D:3      | Reached ** piety under Trog
  2340 | D:3      | Noticed a black bear
  2352 | D:3      | Killed a black bear
  2353 | D:3      | Reached skill level 4 in Short Blades
  2353 | D:3      | Reached XP level 5. HP: 35/41 MP: 5/5
  2858 | D:3      | Found an ancient bone altar of Kikubaaqudgha.
  3128 | D:3      | Reached XP level 6. HP: 47/47 MP: 6/6
  3493 | D:4      | Noticed an ogre
  3503 | D:4      | Slain by an ogre

Illustrated notes

Levels and vault maps discovered:
D:1:      co_arrival_square_in_a_square_in_a_square, layout_loops_ring
D:2:      layout_rooms, basic_altar, shapermc_ecumenical_altar_mp_urbaneastern,
          minmay_cut_off
D:3:      layout_basic, kiku_gazebo_pond_becter, kennysheep_cross_room
D:4:      layout_loops_ring

Skill      XL: |  1  2  3  4 |
---------------+-------------+-----
Armour         | 3 |  3.7
Short Blades   | 4 |  4.4
Fighting       | |  3.6
Long Blades    | |  0.1
Dodging        | |  2.8
Stealth        | |  0.1

Action                   |  1- 3 |  4- 6 || total
-------------------------+-------+-------++-------
Melee: Short sword       |   112 |   189 ||   301
       Punch             |     1 |     4 ||     5
Invok: Berserk           |     2 |     3 ||     5
  Use: Scroll            |       |     3 ||     3
       Potion            |       |     1 ||     1
Armor: Leather armour    |     4 |       ||     4
       Chain mail        |    52 |    46 ||    98
       Plate armour      |       |    34 ||    34
Dodge: Dodged            |    49 |    54 ||   103
